 Dungeon Crawl Stone Soup version 0.27.1-2-g3b301248ec (webtiles) character file.

Game seed: 7999611295696015807

1176 Henske123 the Sneak (level 8, -2/54 HPs)
             Began as a Vampire Wanderer on Sept 22, 2021.
             Was an Initiate of Yredelemnul.
             Slain by a goblin (3 damage)
             ... on level 7 of the Dungeon on Sept 24, 2021.
             The game lasted 00:57:57 (4619 turns).

Henske123 the Sneak (Vampire Wanderer)              Turns: 4619, Time: 00:58:00

Health: -2/54      AC: 13    Str: 12    XL:     8   Next: 18%
Magic:  8/8        EV: 10    Int: 15    God:    Yredelemnul [......]
Gold:   178        SH:  0    Dex: 14    Spells: 6/7 levels left

rFire    . . .     SeeInvis +   x - +0 scythe
rCold    . . .     Faith    .   (shield currently unavailable)
rNeg     . . .     Spirit   .   J - +0 chain mail
rPois    .         Reflect  .   (no helmet)
rElec    .         Harm     .   E - +2 cloak
rCorr    .         Rampage  .   z - +0 pair of gloves
Will     .....                  (no boots)
Stlth    ..........             t - amulet of regeneration
HPRegen  1.38/turn              s - +4 ring of evasion
MPRegen  0.11/turn              v - ring of wizardry

@: lethally poisoned (-2 -> -7), about to teleport, healing quickly
A: alive, fangs 3, see invisible, vampiric 2
a: Exsanguinate, Renounce Religion


You were on level 7 of the Dungeon.
You worshipped Yredelemnul.
Yredelemnul was noncommittal.
You visited 1 branch of the dungeon, and saw 7 of its levels.
You also visited: Ossuary.

You collected 178 gold pieces.

Inventory:

Hand Weapons
 a - a +2 mace
 i - a +0 shortbow
 l - a +0 club
 o - a +2 hand axe
 p - a +0 mace
 r - a +7 morningstar
 x - a +0 scythe (weapon)
 B - a +0 short sword
 H - a +0 flail
 I - a +0 hand axe of draining
 L - a +0 morningstar
 Q - a +0 whip
 U - a +0 giant club
Missiles
 h - 63 bolts
 k - 63 sling bullets
 q - 17 poisoned darts
 F - 12 boomerangs
 Z - 34 arrows
Armour
 c - a +1 robe
 z - a +0 pair of gloves (worn)
 C - the +6 scale mail of the Moon {Harm rF+ MP+9 Str+2}
   (You found it on level 4 of the Dungeon)

   Str:       It affects your strength (+2).
   rF:        It protects you from fire.
   MP:        It affects your magic capacity (+9).
   Harm:      It increases damage dealt and taken.
 E - a +2 cloak (worn)
 J - a +0 chain mail (worn)
 S - a +0 ring mail
 W - a +0 pair of gloves
Jewellery
 s - a +4 ring of evasion (left hand)
 t - an amulet of regeneration (around neck)
 v - a ring of wizardry (right hand)
 A - a ring of see invisible
Scrolls
 g - 5 scrolls of noise
 j - a scroll of acquirement {unknown}
 n - a scroll of magic mapping {unknown}
 y - a scroll of enchant weapon
 D - 3 scrolls of immolation
 G - 2 scrolls of fear
 M - 2 scrolls of identify
 P - a scroll of enchant armour
Potions
 d - a potion of resistance {unknown}
 e - 2 potions of heal wounds {unknown}
 f - 8 potions of degeneration
 m - 3 potions of haste {unknown}
 O - a potion of might {unknown}


   Skills:
 - Level 1.0 Fighting
 - Level 1.9 Maces & Flails
 + Level 5.8 Polearms
 + Level 1.3 Bows
 + Level 3.0 Armour
 + Level 3.2 Dodging
 + Level 6.4 Stealth
 - Level 1.0 Translocations
 + Level 4.2 Poison Magic


You had 6 spell levels left.
You knew the following spells:

 Your Spells              Type           Power      Damage    Failure   Level
a - Apportation           Tloc           6%         N/A       92%         1

Your spell library contained the following spells:

 Spells                   Type           Power      Damage    Failure   Level
 Lesser Beckoning         Tloc           1%         N/A       100%        3
 Hailstorm                Conj/Ice       0%         3d3       100%        4
 Ice Form                 Ice/Tmut       0%         N/A       100%        4
 Simulacrum               Ice/Necr       0%         N/A       100%        6


Dungeon Overview and Level Annotations

Branches:
Dungeon (7/15)             Temple (0/1) D:4         Ossuary (visited)

Altars:
Dithmenos
Hepliaklqana
Yredelemnul

Portals:
Bailey: D:7

Annotations:
D:6 Menkaure


Innate Abilities, Weirdness & Mutations

Your natural rate of healing is accelerated.
You have razor-sharp teeth.
You have supernaturally acute eyesight. (SInv)
You are afflicted with vampirism and can become a bat while bloodless.


Message History

There is a stone staircase leading down here.
You can't go up here!
The iguana bites you!
* * * LOW HITPOINT WARNING * * *
The jelly hits you but does no damage.
The bullfrog skeleton closely misses you.
You climb downwards.
You hear the roar of battle.
There is an entrance to a bailey on this level.
Hurry and find it before the portal closes forever!
The goblin shouts! x2
Found an escape hatch in the floor.
There is a stone staircase leading up here.
Found a flagged portal.
A goblin comes into view. It is wielding a +0 spear.
A goblin comes into view. It is wielding a +0 spear.
The goblin shouts! x2; You hear an angry hiss.
A water moccasin comes into view.
The water moccasin hisses angrily.
The goblin hits you but does no damage. The goblin barely misses you.
The jelly hits you.
You are splashed with acid!
* * * LOW HITPOINT WARNING * * *
The goblin misses you. The iguana bites you.
* * * LOW HITPOINT WARNING * * *
The goblin hits you but does no damage. The goblin misses you.
The goblin barely misses you.
You closely miss the goblin. You bite the goblin.
The goblin is severely wounded.
The jelly hits you but does no damage. The iguana barely misses you.
The goblin hits you but does no damage. x3
The water moccasin bites you but does no damage.
The goblin barely misses you. The jelly hits you but does no damage.
The goblin hits you but does no damage. The iguana barely misses you.
The goblin closely misses you. The goblin misses you.
As you read the scroll of teleportation, it crumbles to dust.
You feel strangely unstable. The water moccasin bites you.
* * * LOW HITPOINT WARNING * * *
You are lethally poisoned!
The water moccasin poisons you! The goblin hits you with a +0 spear.
You die...
Yredelemnul claims you as an undead slave.

#.##...##.#
#.........#
#..≈≈≈≈≈..#
#..≈...≈..
#..≈.∩.≈.#
#..≈.>g≈g#
#..≈≈≈≈S.#
#....g@.#
#####gJl#
#...# #...#
#...# #..<#
##...#
#...# #...#


You could see a water moccasin, an iguana, a jelly and 4 goblins.

Vanquished Creatures
  A black bear (D:5)
  2 necrophages (D:5)
  2 ogres (D:5)
  2 centaurs
  A scorpion (D:6)
  A water moccasin skeleton (D:5)
  3 wights (D:6)
  A jelly (D:6)
  A hound (D:6)
  2 bullfrog skeletons
  A human zombie (Ossuary)
  An iguana (D:5)
  A killer bee zombie (D:6)
  6 mummies
  2 adders
  A shadow imp (D:6)
  3 dart slugs
  5 orcs
  10 ball pythons
  5 bats
  5 endoplasms
  2 giant cockroaches
  2 gnoll zombies (Ossuary)
  4 goblins
  3 hobgoblins
  2 kobolds
  A quokka (D:1)
  2 frilled lizards
  A goblin zombie (Ossuary)
  A hobgoblin zombie (Ossuary)
  2 kobold zombies (Ossuary)
  An orc zombie (Ossuary)
  5 rats
82 creatures vanquished.

Vanquished Creatures (others)
  4 plants (D:4)
4 creatures vanquished.

Grand Total: 86 creatures vanquished

Notes
Turn   | Place    | Note
-------+----------+-------------------------------------------
     0 | D:1      | Henske123 the Vampire Wanderer began the quest for the Orb.
     0 | D:1      | Henske123 set off with the following items: a +2 mace, a
                  | scroll of teleportation, a +0 robe, a +0 dagger; and the
                  | following spell memorised: Apportation; and the following
                  | spells available to memorise: Lesser Beckoning
     0 | D:1      | Reached XP level 1. HP: 15/15 MP: 1/1
   229 | D:1      | Reached XP level 2. HP: 21/21 MP: 2/2
  1015 | D:2      | Gained mutation: You are afflicted with vampirism and can
                  | become a bat while bloodless. [Vampire growth]
  1015 | D:2      | Reached XP level 3. HP: 19/26 MP: 3/3
  1314 | D:2      | You fall into a shaft and drop 2 floors!
  1392 | D:3      | Found a shadowy altar of Dithmenos.
  1405 | D:3      | Reached skill level 4 in Stealth
  1476 | D:3      | Found a hazy altar of Hepliaklqana.
  1999 | D:4      | Found a staircase to the Ecumenical Temple.
  2028 | D:4      | Identified the +6 scale mail of the Moon {Harm rF+ MP+9
                  | Str+2}
  2479 | D:4      | Reached skill level 1 in Dodging
  2479 | D:4      | Reached skill level 5 in Stealth
  2479 | D:4      | Reached XP level 4. HP: 29/32 MP: 4/4
  2755 | D:5      | Entered Level 5 of the Dungeon
  2761 | D:5      | Noticed an ogre
  2771 | D:5      | Killed an ogre
  2772 | D:5      | Reached skill level 1 in Polearms
  2772 | D:5      | Reached skill level 1 in Armour
  2772 | D:5      | Reached XP level 5. HP: 15/37 MP: 5/5
  2905 | D:5      | Noticed a centaur
  2920 | D:5      | Killed a centaur
  2921 | D:5      | Reached skill level 6 in Stealth
  2921 | D:5      | Reached XP level 6. HP: 10/43 MP: 6/6
  3111 | D:5      | Reached XP level 7. HP: 45/48 MP: 7/7
  3718 | D:6      | Found a basalt altar of Yredelemnul.
  3727 | D:6      | Became a worshipper of Yredelemnul the Dark
  3767 | D:6      | Found a sand-covered staircase.
  3857 | D:6      | Noticed Menkaure
  3880 | Ossuary  | Entered an ossuary
  3955 | Ossuary  | Reached skill level 1 in Bows
  4217 | D:6      | Reached skill level 5 in Polearms
  4227 | D:6      | Reached XP level 8. HP: 50/53 MP: 8/8
  4249 | D:6      | Reached * piety under Yredelemnul
  4612 | D:7      | Found a flagged portal.
  4619 | D:7      | HP: 1/54 [water moccasin (6)]
  4619 | D:7      | Slain by a goblin

Illustrated notes

Levels and vault maps discovered:
D:1:      saegor_arrival_simple_b, layout_basic
D:2:      layout_rooms, hellmonk_ecumenical_altar_arch_garden,
          roderic_roman_lattice, minmay_split_cup_small
D:3:      layout_loops_ring, grunt_dithmenos_smoke_and_mirrors,
          lemuel_tele_altar, serial_shops, shop, serial_glass, glass_columns_b,
          glass_columns_b
D:4:      layout_basic, minmay_temple_entry_grid, serial_bayou_lagoon_b
D:5:      layout_rooms
D:6:      layout_basic, overflow_temple_1_default, gup_ossuary_entry_pyramid,
          uniq_menkaure
D:7:      layout_cave_pods, enter_bailey_5, chequers_mini_garden

Skill      XL: |  1  2  3  4  5  6  7  8 |
---------------+-------------------------+-----
Poison Magic   | 4 |  4.2
Stealth        | 5 6 |  6.4
Dodging        | 1 2 3 |  3.2
Polearms       | 1 2 3 5 |  5.8
Armour         | 1 2 3 |  3.0
Bows           | 1 |  1.3
Fighting       | |  1.0
Maces & Flails | |  1.9
Translocations | |  1.0

Action                   |  1- 3 |  4- 6 |  7- 9 || total
-------------------------+-------+-------+-------++-------
Melee: Mace              |    89 |       |       ||    89
       Bite              |     7 |     5 |    11 ||    23
       Scythe            |    26 |    37 |   145 ||   208
 Fire: Shortbow          |       |       |    40 ||    40
  Use: Scroll            |     4 |     2 |     5 ||    11
       Potion            |       |     6 |       ||     6
 Stab: Sleeping          |     9 |     3 |       ||    12
Armor: Robe              |    10 |       |       ||    10
       Leather armour    |    15 |    25 |     6 ||    46
       Chain mail        |       |       |   134 ||   134
Dodge: Dodged            |   104 |    66 |   152 ||   322
